 Dungeon Crawl Stone Soup version 0.30-a0-639-g3916f1956a (webtiles) character file.

Game seed: 960311846832377037

22321 pokeman the Eclecticist (level 12, -5/68 HPs)
             Began as a Deep Elf Hedge Wizard on Jan 15, 2023.
             Was a High Priest of Vehumet.
             Shot with an arrow by Nessos (17 damage)
             ... on level 13 of the Dungeon.
             The game lasted 00:36:24 (14549 turns).

pokeman the Eclecticist (Deep Elf Hedge Wizard)    Turns: 14549, Time: 00:36:25

Health: -5/68      AC:  9    Str:  7    XL:     12   Next: 62%
Magic:  27/34      EV: 12    Int: 25    God:    Vehumet [*****.]
Gold:   628        SH:  0    Dex: 14    Spells: 27/44 levels left

rFire   . . .      SeeInvis .    D - staff of conjuration
rCold   . . .      Faith    .    (no shield)
rNeg    . . .      Spirit   .    f - +3 leather armour
rPois   +          Reflect  .    v - +0 helmet
rElec   .          Harm     .    y - scarf {shadows}
rCorr   .          Rampage  .    (no gloves)
Will    +....                    k - +0 pair of boots
Stlth   ++                       M - amulet of magic regeneration
HPRegen 0.31/turn                B - ring of wizardry
MPRegen 0.64/turn                E - ring of poison resistance

@: lethally poisoned (-5 -> -25)
A: no striking features
a: Renounce Religion


You were on level 13 of the Dungeon.
You worshipped Vehumet.
Vehumet was extremely pleased with you.
You visited 2 branches of the dungeon, and saw 14 of its levels.

You collected 883 gold pieces.
You spent 255 gold pieces at shops.

Inventory:

Hand Weapons
 j - a +2 dagger of venom
 K - a +1 arbalest of flaming
Missiles
 a - 2 throwing nets
 L - a curare-tipped dart
Armour
 f - a +3 leather armour (worn)
 k - a +0 pair of boots (worn)
 v - a +0 helmet (worn)
 y - a scarf of shadows (worn)
Magical Staves
 D - a staff of conjuration (weapon)
Jewellery
 c - an amulet of regeneration
 B - a ring of wizardry (left hand)
 E - a ring of poison resistance (right hand)
 M - an amulet of magic regeneration (around neck)
 U - a ring of protection from fire
Wands
 C - a wand of acid (22)
 I - a wand of iceblast (18)
Scrolls
 e - 2 scrolls of magic mapping
 h - 5 scrolls of blinking
 o - 4 scrolls of vulnerability
 p - 2 scrolls of silence {unknown}
 s - 5 scrolls of teleportation {unknown}
 t - 4 scrolls of noise {unknown}
 u - 3 scrolls of enchant weapon {unknown}
 w - 4 scrolls of fog {unknown}
 A - 3 scrolls of summoning {unknown}
 G - 4 scrolls of enchant armour {unknown}
 T - 3 scrolls of fear {unknown}
Potions
 b - 9 potions of curing
 d - 2 potions of magic
 m - 4 potions of haste
 r - 3 potions of heal wounds
 x - 3 potions of degeneration {unknown}
 z - a potion of invisibility {unknown}
 J - a potion of experience {unknown}
 Q - a potion of cancellation {unknown}
 R - a potion of might {unknown}
Miscellaneous
 X - a phial of floods


   Skills:
 - Level 5.0 Fighting
 + Level 4.9 Armour
 - Level 3.0 Dodging
 - Level 3.0 Stealth
 * Level 16.7 Spellcasting
 + Level 9.9 Conjurations
 - Level 8.2 Summonings
 + Level 3.8 Necromancy
 - Level 1.1 Translocations
 + Level 8.3 Fire Magic
 - Level 2.0 Air Magic
 - Level 1.2 Earth Magic
 - Level 2.0 Poison Magic
 - Level 1.0 Evocations


You had 27 spell levels left.
You knew the following spells:

 Your Spells              Type           Power      Damage    Failure   Level
a - Magic Dart            Conj           100%       1d8       1%          1
b - Mephitic Cloud        Conj/Pois/Air  60%        N/A       1%          3
c - Call Imp              Summ           58%        N/A       1%          2
d - Blink                 Tloc           52%        N/A       1%          2
e - Foxfire               Conj/Fire      100%       2x1d9     1%          1
f - Fireball              Conj/Fire      39%        3d16      1%          5
g - Stone Arrow           Conj/Erth      100%       3d13      1%          3

Your spell library contained the following spells:

 Spells                   Type           Power      Damage    Failure   Level
 Olgreb's Toxic Radiance  Pois           31%        N/A       1%          4
 Sandblast                Erth           54%        2d13      1%          1
 Slow                     Hex            80%        N/A       1%          1
 Cigotuvi's Dreadful Rot  Necr/Pois/Air  68%        N/A       1%          2
 Lesser Beckoning         Tloc           52%        N/A       1%          2
 Momentum Strike          Conj/Tloc      100%       3d10      1%          2
 Passwall                 Tmut/Erth      20%        N/A       1%          2
 Summon Lightning Spire   Summ/Air       46%        N/A       1%          4
 Starburst                Conj/Fire      39%        6d11      1%          6
 Ensorcelled Hibernation  Hex/Ice        40%        N/A       2%          2
 Spider Form              Tmut/Pois      26%        N/A       2%          3
 Anguish                  Hex/Necr       15%        N/A       6%          4
 Storm Form               Tmut/Air       13%        N/A       99%         7
 Maxwell's Capacitive Co  Air            15%        ∞         99%         8


Dungeon Overview and Level Annotations

Branches:
Dungeon (13/15)            Temple (1/1) D:5            Lair (0/5) D:10
    Orc (0/2) D:10
 Vaults: D:13-14

Altars:
Ashenzari
Cheibriados
Dithmenos
Fedhas
Gozag
Kikubaaqudgha
Makhleb
Qazlal
Ru
Sif Muna
Trog
Uskayaw
Vehumet
Xom

Shops:
D:11 !

Annotations:
D:13 Nessos


Message History

There is a stone staircase leading up here.
Done exploring.
There is a stone staircase leading down here.
You climb downwards.
There is a stone staircase leading up here.
You now have 615 gold pieces (gained 10).
Found a stone staircase leading down.
You now have 628 gold pieces (gained 13).
Nessos the Markscentaur comes into view.
Nessos shouts!
Nessos wields a +3 longbow of flaming.
It bursts into flame!
Nessos shoots an arrow.
The arrow hits you! The arrow burns you.
Nessos mumbles some strange words.
Nessos blinks!
Nessos shoots an arrow.
The arrow hits you!! The arrow burns you.
Casting: Fireball (dangerous; 1% risk of failure)
Confirm with . or Enter, or press ? or * to list all spells.
Aiming: Mephitic Cloud (safe; 1% risk of failure)
Press: ? - help, Shift-Dir - straight line, f - Nessos
Aim: Nessos, wielding a +3 longbow of flaming and wearing a +0 barding (chance to affect: 58%)
You feel a surge of power!
The ball explodes into a vile cloud!
The stinking cloud engulfs Nessos but does no damage.
Nessos is engulfed in noxious fumes.
Nessos mumbles some strange words.
Nessos blinks!
Unknown command.
Casting: Mephitic Cloud (safe; 1% risk of failure)
Confirm with . or Enter, or press ? or * to list all spells.
Aiming: Fireball (dangerous; 1% risk of failure)
Press: ? - help, Shift-Dir - straight line, f/p - Nessos
Aim: Nessos, wielding a +3 longbow of flaming and wearing a +0 barding You feel a surge of power!
The fireball explodes!
The fireball engulfs Nessos!!
Nessos is heavily wounded.
Nessos shoots an arrow.
The arrow hits you!
* * * LOW HITPOINT WARNING * * *
The arrow burns you.
You are lethally poisoned!
* * * LOW HITPOINT WARNING * * *
Nessos shoots an arrow.
The arrow hits you!
You die...

...... #.#..§#
.....c# #..☼°○
#.#$§ #.#☼#
#..@# #####...#
..##.#.#
#.#....# ..
#.#..###
..###### #....#
.......# #....#
.......###.####
..#....#...#


You could see Nessos.

Vanquished Creatures
  The ghost of acebull12 the Unseen, a journeyman SpWr of Dithmenos (D:10)
  A tengu warrior (D:9)
  A two-headed ogre (D:11)
  Amaemon (D:8)
  3 deep trolls (D:8)
  A deep elf pyromancer (D:12)
  2 ugly things (D:12)
  4 lindwurms (D:10)
  A manticore (D:11)
  2 gargoyles
  An orange demon (D:8)
  A freezing wraith (D:10)
  2 trolls (D:11)
  Grinder (D:5)
  2 hornets
  12 slime creatures
  4 wraiths
  3 shadows
  19 yaks
  2 wyverns (D:9)
  2 steam dragons
  10 vampire mosquitoes
  2 water moccasins
  4 black bears
  An orc warrior (D:7)
  A sky beast (D:7)
  2 centaurs (D:6)
  A boggart (D:9)
  2 ogres
  2 phantoms (D:6)
  A kobold brigand (D:7)
  6 bullfrogs
  A gnoll sergeant (D:11)
  4 necrophages
  9 wights
  12 killer bees
  4 howler monkeys
  6 jellies
  3 hounds
  4 orc priests
  3 gnoll boudas
  7 iguanas
  9 orc wizards
  Robin (D:3)
  20 gnolls
  10 adders
  A shadow imp (D:6)
  4 white imps
  2 ufetubi
  A worm (D:2)
  2 dart slugs
  36 orcs
  7 endoplasms
  6 giant cockroaches
  16 goblins
  9 hobgoblins
  A jackal (D:5)
  5 quokkas
  4 ball pythons
  7 bats
  3 frilled lizards
  6 kobolds
  5 rats
306 creatures vanquished.

Vanquished Creatures (collateral kills)
  A hound (Temple)
  A jelly (D:5)
  An orc wizard (D:3)
  An adder (Temple)
  3 orcs (D:3)
  A foxfire (D:7)
8 creatures vanquished.

Vanquished Creatures (others)
  350 foxfires
350 creatures vanquished.

Grand Total: 664 creatures vanquished

Notes
Turn   | Place    | Note
-------+----------+-------------------------------------------
     0 | D:1      | pokeman the Deep Elf Hedge Wizard began the quest for the
                  | Orb.
     0 | D:1      | Reached XP level 1. HP: 10/10 MP: 7/7
   264 | D:1      | Reached XP level 2. HP: 16/16 MP: 6/9
   661 | D:1      | Reached skill level 5 in Spellcasting
   990 | D:1      | Reached XP level 3. HP: 20/20 MP: 9/11
   994 | D:1      | Learned a level 3 spell: Mephitic Cloud
   997 | D:1      | Learned a level 2 spell: Call Imp
  1000 | D:1      | Learned a level 2 spell: Blink
  1436 | D:2      | Reached skill level 1 in Fighting
  1543 | D:2      | Reached skill level 1 in Armour
  1646 | D:2      | Reached XP level 4. HP: 25/25 MP: 5/13
  1734 | D:2      | Found a faded altar of an unknown god.
  2349 | D:3      | Noticed Robin
  2553 | D:3      | Killed Robin
  2649 | D:3      | Found an opulent altar of Gozag.
  2702 | D:3      | Reached skill level 6 in Spellcasting
  2766 | D:3      | Reached XP level 5. HP: 20/29 MP: 10/15
  2841 | D:3      | Found a burning altar of Makhleb.
  2841 | D:3      | Noticed a green death
  3045 | D:3      | Reached skill level 1 in Poison Magic
  3257 | D:4      | Found a stormy altar of Qazlal.
  3618 | D:4      | Reached skill level 1 in Air Magic
  3618 | D:4      | Reached XP level 6. HP: 31/34 MP: 8/17
  3718 | D:4      | Reached skill level 7 in Spellcasting
  4099 | D:5      | Entered Level 5 of the Dungeon
  4147 | D:5      | Noticed a water moccasin
  4233 | D:5      | Found a staircase to the Ecumenical Temple.
  4235 | D:5      | Noticed Grinder
  4244 | D:5      | Paralysed by Grinder for 5 turns
  4255 | D:5      | Paralysed by Grinder for 2 turns
  4271 | Temple   | Entered the Ecumenical Temple
  4448 | Temple   | Became a worshipper of Vehumet
  4490 | Temple   | Reached XP level 7. HP: 10/38 MP: 11/20
  4959 | D:4      | Reached skill level 8 in Spellcasting
  5327 | D:5      | Killed Grinder
  5328 | D:5      | Reached skill level 9 in Spellcasting
  5328 | D:5      | Reached XP level 8. HP: 25/45 MP: 2/23
  6007 | D:6      | Learned a level 1 spell: Foxfire
  6013 | D:6      | Learned a level 5 spell: Fireball
  6030 | D:6      | Reached skill level 5 in Conjurations
  6177 | D:6      | Reached * piety under Vehumet
  6177 | D:6      | Offered knowledge of Kiss of Death by Vehumet.
  6235 | D:6      | Reached skill level 1 in Fire Magic
  6238 | D:6      | Reached skill level 10 in Spellcasting
  6597 | D:6      | Reached skill level 1 in Evocations
  6730 | D:6      | Identified the +0 pair of gloves of Weoty {-Cast rElec rC+
                  | Str+7}
  6745 | D:6      | Reached XP level 9. HP: 45/50 MP: 22/25
  7594 | D:7      | Reached skill level 11 in Spellcasting
  7646 | D:7      | Found a shimmering altar of Xom.
  7676 | D:7      | Reached ** piety under Vehumet
  7676 | D:7      | Offered knowledge of Searing Ray by Vehumet.
  7815 | D:7      | Reached skill level 5 in Summonings
  8189 | D:7      | Identified the +4 hand axe of the Radish {heavy, Will+}
  8711 | D:8      | Noticed Amaemon
  8714 | D:8      | Noticed an orange demon
  8725 | D:8      | Killed Amaemon
  8726 | D:8      | Reached skill level 12 in Spellcasting
  8726 | D:8      | Reached XP level 10. HP: 48/56 MP: 15/28
  8736 | D:8      | Killed an orange demon
  9260 | D:8      | Offered knowledge of Static Discharge by Vehumet.
  9477 | D:8      | Noticed a deep troll
  9480 | D:8      | Noticed a deep troll
  9481 | D:8      | Noticed a deep troll
  9492 | D:8      | Killed a deep troll
  9510 | D:8      | Killed a deep troll
  9511 | D:8      | Reached skill level 13 in Spellcasting
  9511 | D:8      | Reached skill level 5 in Fire Magic
  9633 | D:8      | Found the necklace of Bloodlust {Fury *Rage Will++ Int-3
                  | Slay+6}
  9655 | D:8      | Killed a deep troll
 10262 | D:9      | Reached *** piety under Vehumet
 10263 | D:9      | Reached XP level 11. HP: 60/60 MP: 21/30
 10406 | D:9      | Offered knowledge of Flame Wave by Vehumet.
 10407 | D:9      | Reached skill level 14 in Spellcasting
 10413 | D:9      | Noticed a tengu warrior
 10417 | D:9      | Killed a tengu warrior
 10452 | D:9      | Found an ancient bone altar of Kikubaaqudgha.
 10787 | D:9      | Found a shadowy altar of Dithmenos.
 10955 | D:10     | Entered Level 10 of the Dungeon
 11078 | D:10     | Noticed a lindwurm
 11081 | D:10     | Killed a lindwurm
 11084 | D:10     | Noticed a lindwurm
 11086 | D:10     | Killed a lindwurm
 11089 | D:10     | Noticed a lindwurm
 11242 | D:10     | Noticed a lindwurm
 11246 | D:10     | Killed a lindwurm
 11250 | D:10     | Killed a lindwurm
 11502 | D:10     | Found a runed translucent gate.
 11502 | D:10     | Found a runed translucent gate.
 11502 | D:10     | Found a runed translucent gate.
 11507 | D:10     | Noticed acebull12's ghost (journeyman SpWr)
 11538 | D:10     | Reached skill level 15 in Spellcasting
 11549 | D:10     | Reached **** piety under Vehumet
 11632 | D:10     | Found a staircase to the Lair.
 11725 | D:10     | Offered knowledge of Sticky Flame by Vehumet.
 11770 | D:10     | Found a blossoming altar of Fedhas.
 11930 | D:10     | Found a staircase to the Orcish Mines.
 12132 | D:10     | Killed acebull12's ghost
 12268 | D:10     | Identified the +5 whip "Qaje" {heavy, rCorr Str+4 Dex+3}
 12372 | D:11     | Reached skill level 1 in Necromancy
 12631 | D:11     | Reached XP level 12. HP: 68/68 MP: 19/33
 12712 | D:11     | Noticed a two-headed ogre
 12721 | D:11     | Killed a two-headed ogre
 12722 | D:11     | Reached skill level 5 in Fighting
 12722 | D:11     | Reached skill level 1 in Earth Magic
 13126 | D:11     | Found Leni's Distillery.
 13138 | D:11     | Bought a potion of curing for 45 gold pieces
 13138 | D:11     | Bought a potion of heal wounds for 75 gold pieces
 13138 | D:11     | Bought a potion of curing for 45 gold pieces
 13138 | D:11     | Bought a potion of curing for 45 gold pieces
 13138 | D:11     | Bought a potion of curing for 45 gold pieces
 13569 | D:12     | Reached skill level 16 in Spellcasting
 13808 | D:12     | Reached ***** piety under Vehumet
 13812 | D:12     | Offered knowledge of Olgreb's Toxic Radiance by Vehumet.
 13848 | D:12     | Learned a level 3 spell: Stone Arrow
 14546 | D:13     | Noticed Nessos
 14549 | D:13     | Shot with an arrow by Nessos

Illustrated notes

Levels and vault maps discovered:
D:1:      dpeg_arrival_radiant, layout_loops_ring,
          hangedman_decor_diamond_cutter, dreamdust_mushroom_princess
D:2:      layout_loops_ring, nicolae_ecumenical_pavilion,
          hangedman_decor_clover_reticule
D:3:      layout_basic, grunt_gozag_statues, makhleb_altar_promises_db,
          uniq_robin
D:4:      layout_basic, kennysheep_mini, minmay_fountain_box
D:5:      layout_cave_pools, minmay_temple_entry_trees, st_stairs_11,
          uniq_grinder
D:6:      minmay_bubble_buster, layout_loops_corners, minmay_increasing_density
D:7:      layout_loops_cross, xom_teletrap_fun, grunt_tough_drop
D:8:      layout_layer_cave, hellmonk_guarded_unrand_vitality_bloodlust,
          uniq_amaemon
D:9:      layout_irregular_city, nicolae_dithmenos_through_a_glass_darkly,
          kiku_gazebo_pond_becter, kb_rosetta
D:10:     layout_roguey, mainiacjoe_overflow_brackets, lair_entry_dummy,
          orc_0_dummy, gammafunk_ghost_spectres, minmay_lindwurm_lava
D:11:     layout_loops_ring, serial_shops, nicolae_shop_hallway_plus
D:12:     layout_irregular_city
D:13:     layout_basic, erik_vaults_1, uniq_nessos
Temple:   bh_familiar_temple

Skill      XL: |  1  2  3  4  5  6  7  8  9 10 11 12 |
---------------+-------------------------------------+-----
Spellcasting   | 5 6 7 9 10 12 13 15 16 | 16.7
Conjurations   | 2 3 4 5 6 7 9 |  9.9
Fighting       | 1 2 3 4 5 |  5.0
Armour         | 1 3 4 |  4.9
Stealth        | 3 |  3.0
Dodging        | 3 |  3.0
Poison Magic   | 1 2 |  2.0
Air Magic      | 1 2 |  2.0
Summonings     | 3 4 5 7 8 |  8.2
Fire Magic     | 2 4 5 7 8 |  8.3
Evocations     | 1 |  1.0
Necromancy     | 1 3 |  3.8
Earth Magic    | 1 |  1.2
Translocations | |  1.1

Action                   |  1- 3 |  4- 6 |  7- 9 | 10-12 || total
-------------------------+-------+-------+-------+-------++-------
Melee: Dagger            |     5 |    51 |    58 |     9 ||   123
       Spear             |     7 |       |       |       ||     7
       Punch             |       |     1 |     2 |     1 ||     4
       Staff             |       |       |       |    10 ||    10
 Cast: Magic Dart        |    89 |   101 |    92 |     1 ||   283
       Mephitic Cloud    |     1 |    11 |    13 |    10 ||    35
       Blink             |       |     5 |     4 |    10 ||    19
       Call Imp          |       |     4 |     4 |     4 ||    12
       Foxfire           |       |       |   161 |    31 ||   192
       Fireball          |       |       |     2 |   155 ||   157
Evoke: Wand              |       |       |       |     1 ||     1
  Use: Scroll            |       |       |       |    11 ||    11
 Stab: Confused          |     1 |     3 |     4 |     5 ||    13
Armor: Robe              |     2 |       |       |       ||     2
       Leather armour    |     5 |    36 |    70 |    10 ||   121
Dodge: Dodged            |    14 |    68 |   103 |    41 ||   226

Table legend: (Time is in decaauts)
 A = Elapsed time spent in this place.
 B = Non-inter-level travel time spent in this place.
 C = Inter-level travel time spent in this place.
 D = Time resting spent in this place.
 E = Time spent auto-exploring this place.
 F = Levels seen in this place.
 G = Mean time per level.
                   A        B        C        D        E       F      G
               +--------+--------+--------+--------+--------+-----+--------+
         Total |  14590 |  13601 |    989 |   1317 |  10231 |  14 | 1042.1 |
       Dungeon |  14148 |  13209 |    939 |   1270 |  10013 |  13 | 1088.3 |
        Temple |    441 |    391 |     50 |     47 |    218 |   1 |  441.0 |
               +--------+--------+--------+--------+--------+-----+--------+

Top non-repeatable levels by time:
     D:6: 1694 daAuts
    D:10: 1427 daAuts
     D:8: 1405 daAuts
     D:4: 1331 daAuts
     D:2: 1307 daAuts
     D:1: 1270 daAuts
     D:7: 1202 daAuts
     D:9: 1052 daAuts
     D:5: 1034 daAuts
    D:11: 956 daAuts
    D:12: 773 daAuts
     D:3: 637 daAuts
  Temple: 441 daAuts
    D:13: 54 daAuts
